 Dungeon Crawl Stone Soup version 0.30-a0-371-gad7725a93e (webtiles) character file.

Game seed: 3096295308016041989

58 Bnni the Shield-Bearer (level 4, -3/37 HPs)
             Began as a Formicid Fighter on Nov 21, 2022.
             Slain by a gnoll
             ... wielding a +0 flail
              (11 damage)
             ... on level 2 of the Dungeon.
             The game lasted 00:01:08 (837 turns).

Bnni the Shield-Bearer (Formicid Fighter)            Turns: 837, Time: 00:01:08

Health: -3/37      AC:  6    Str: 22    XL:     4   Next: 20%
Magic:  4/4        EV:  9    Int:  8    God:
Gold:   96         SH:  5    Dex: 13    Spells: 3/3 levels left

rFire   . . .      SeeInvis +    a - +0 trident
rCold   . . .      Faith    .    c - +0 buckler
rNeg    . . .      Spirit   .    b - +0 scale mail
rPois   .          Reflect  .    (helmet unavailable)
rElec   .          Harm     .    (no cloak)
rCorr   .          Rampage  .    (no gloves)
Will    .....                    (no boots)
Stlth   ..........               (no amulet)
HPRegen 0.26/turn                (no ring)
MPRegen 0.09/turn                (no ring)

@: mighty
A: permanent stasis, dig shafts and tunnels, antennae 3, four strong arms
a: Dig, Shaft Self


You were on level 2 of the Dungeon.
You visited 1 branch of the dungeon, and saw 2 of its levels.

You collected 96 gold pieces.

Inventory:

Hand Weapons
 a - a +0 trident (weapon)
Armour
 b - a +0 scale mail (worn)
 c - a +0 buckler (worn)
Scrolls
 e - 3 scrolls of identify {unknown}
 g - a scroll of amnesia {unknown}
 j - a scroll of enchant armour {unknown}
 k - a scroll of vulnerability {unknown}
 l - a scroll of fear {unknown}
Potions
 f - 2 potions of curing {unknown}
 h - a potion of haste {unknown}
 i - a potion of attraction {unknown}
 m - a potion of flight {unknown}


   Skills:
 + Level 3.8 Fighting
 * Level 3.2 Polearms
 - Level 3.2 Armour
 + Level 4.6 Shields


You had 3 spell levels left.
You didn't know any spells.
Your spell library contained the following spells:

 Spells                   Type           Power      Damage    Failure   Level
 Call Imp                 Summ           0%         N/A       91%         2
 Summon Ice Beast         Ice/Summ       0%         N/A       100%        4
 Monstrous Menagerie      Summ           0%         N/A       100%        7


Dungeon Overview and Level Annotations

Branches:
Dungeon (2/15)

Altars:


Innate Abilities, Weirdness & Mutations

You cannot be hasted, slowed, berserked, paralysed or teleported.
You can dig through walls and to a lower floor.
You have a pair of large antennae on your head. (SInv)
Your four strong arms can wield two-handed weapons with a shield.


Message History

The gnoll is heavily wounded.
You feel sick.
The gnoll hits you from afar with a +0 halberd!
* * * LOW HITPOINT WARNING * * *
The gnoll barely misses you.
You are too injured to fight recklessly!
You are too injured to fight recklessly!
Unknown command.
You feel very mighty all of a sudden.
You feel sick. The gnoll closely misses you.
Reach: a) +0 trident
Press: ? - help, Dir - move target, f/p - gnoll
Aim: a gnoll, wielding a +0 halberd (moderately wounded, about 39% to evade your +0 trident)
You reach to attack!
You puncture the gnoll!
The gnoll is almost dead.
You feel sick.
You are no longer poisoned.
The gnoll barely misses you.
Reach: a) +0 trident
Press: ? - help, Dir - move target, f/p - gnoll
Aim: a gnoll, wielding a +0 halberd (almost dead, about 39% to evade your +0 trident)
You reach to attack!
You puncture the gnoll!
You kill the gnoll!
You have reached level 4!
You feel clever.
Unknown command.
Reach: a) +0 trident
Press: ? - help, Dir - move target, f - gnoll
Aim: a gnoll, wielding a +0 flail (about 39% to evade your +0 trident)
You puncture the gnoll!
The gnoll is almost dead.
You block the gnoll's attack.
Unknown command.
Reach: a) +0 trident
Press: ? - help, Dir - move target, f/p - gnoll
Aim: a gnoll, wielding a +0 flail (almost dead, about 39% to evade your +0 trident)
You barely miss the gnoll.
The gnoll is almost dead.
The gnoll hits you with a +0 flail!
You die...

#.# #.#
#.# #.#
#.# #.#
#.# #.#
#.# #.#
#.###.#
#.....#
####..#
#.#@#
#.###g#
... #g#
### #..
###


You could see 2 gnolls.

Vanquished Creatures
  2 gnolls (D:2)
  3 dart slugs (D:1)
  3 ball pythons
  4 bats (D:1)
  4 endoplasms (D:1)
  2 giant cockroaches (D:1)
  2 goblins (D:1)
  3 hobgoblins (D:1)
  2 kobolds (D:1)
  A quokka (D:1)
  2 frilled lizards
  2 rats (D:1)
30 creatures vanquished.

Notes
Turn   | Place    | Note
-------+----------+-------------------------------------------
     0 | D:1      | Bnni the Formicid Fighter began the quest for the Orb.
     0 | D:1      | Reached XP level 1. HP: 18/18 MP: 1/1
    68 | D:1      | Reached XP level 2. HP: 21/24 MP: 2/2
   148 | D:1      | Got the Directory of Triumph
   236 | D:1      | Reached XP level 3. HP: 29/29 MP: 3/3
   445 | D:1      | Found a faded altar of an unknown god.
   836 | D:2      | Reached XP level 4. HP: 7/37 MP: 4/4
   837 | D:2      | Slain by a gnoll

Illustrated notes

Levels and vault maps discovered:
D:1:      psy_arrival_terrarium, layout_basic,
          chequers_ecumenical_altar_simple_redux, minmay_cut_off
D:2:      layout_loops_ring, serial_rivers, chequers_serial_rivers_micro_d,
          chequers_serial_rivers_small_3, chequers_serial_rivers_micro_a,
          chequers_serial_rivers_micro_a

Skill      XL: |  1  2  3 |
---------------+----------+-----
Polearms       | 3 |  3.2
Fighting       | |  3.8
Armour         | |  3.2
Shields        | |  4.6

Action                   |  1- 3 |  4- 6 || total
-------------------------+-------+-------++-------
Melee: Trident           |    83 |     2 ||    85
  Use: Potion            |     1 |       ||     1
Armor: Scale mail        |    16 |       ||    16
Dodge: Dodged            |    32 |       ||    32
Block: Buckler           |    12 |     1 ||    13

Table legend: (Time is in decaauts)
 A = Elapsed time spent in this place.
 B = Non-inter-level travel time spent in this place.
 C = Inter-level travel time spent in this place.
 D = Time resting spent in this place.
 E = Time spent auto-exploring this place.
 F = Levels seen in this place.
 G = Mean time per level.
                   A        B        C        D        E       F      G
               +--------+--------+--------+--------+--------+-----+--------+
         Total |    853 |    841 |     12 |      0 |    644 |   2 |  426.5 |
       Dungeon |    853 |    841 |     12 |      0 |    644 |   2 |  426.5 |
               +--------+--------+--------+--------+--------+-----+--------+

Top non-repeatable levels by time:
     D:1: 744 daAuts
     D:2: 109 daAuts
